 Dungeon Crawl Stone Soup version 0.23.0-33-g5e6c059 (webtiles) character file.

Game seed: 0

3 Kairos the Skirmisher (level 1, -2/18 HPs)
             Began as a Formicid Abyssal Knight on Feb 26, 2019.
             Was an Initiate of Lugonu.
             Slain by a goblin
             ... wielding a +1 dagger of venom
              (5 damage)
             ... on level 1 of the Dungeon.
             The game lasted 00:04:02 (833 turns).

Kairos the Skirmisher (Formicid Abyssal Knight)      Turns: 833, Time: 00:04:03

Health: -2/18      AC:  1    Str: 16    XL:     1   Next: 55%
Magic:  2/2        EV: 10    Int: 11    God:    Lugonu [......]
Gold:   77         SH:  3    Dex: 10    Spells: 0/0 levels left

rFire    . . .     SeeInvis +   i - +0 broad axe
rCold    . . .     Gourm    .   h - +0 buckler
rNeg     . . .     Faith    .   b - +0 leather armour
rPois    .         Spirit   .   (helmet unavailable)
rElec    .         Reflect  .   (no cloak)
rCorr    .         Harm     .   (no gloves)
MR       .....                  (no boots)
Stlth    +.........             (no amulet)
HPRegen  0.06/turn              (no ring)
MPRegen  0.08/turn              (no ring)

@: lethally poisoned (-2 -> -26)
A: permanent stasis, dig shafts and tunnels, four strong arms, antennae 3,
[deformed body], [low mp 2], [subdued magic 3]
a: Dig, Shaft Self, Renounce Religion


You were on level 1 of the Dungeon.
You worshipped Lugonu.
Lugonu was noncommittal.
You were not hungry.

You visited 1 branch of the dungeon, and saw 1 of its levels.
You visited the Abyss 1 time.

You collected 77 gold pieces.

Inventory:

Hand Weapons
 a - a +1 spear
 e - a +1 arbalest of freezing
 i - a +0 broad axe (weapon)
Missiles
 j - 4 tomahawks (quivered)
Armour
 b - a +0 leather armour (worn)
 h - a +0 buckler (worn)
Wands
 f - a wand of iceblast (5)
Scrolls
 g - a scroll of identify {unknown}
Potions
 d - a potion of cancellation {unknown}
 k - a potion of berserk rage {unknown}
Comestibles
 c - 2 rations


   Skills:
 + Level 3.5 Fighting
 + Level 2.0 Polearms
 + Level 2.2 Armour
 + Level 0.8 Dodging
 + Level 2.1 Invocations


You couldn't memorise any spells.
You didn't know any spells.
Your spell library was empty.

Dungeon Overview and Level Annotations

Branches:
Dungeon (1/15)

Altars:


Innate Abilities, Weirdness & Mutations

You cannot be hasted, slowed, berserked, paralysed or teleported.
You can dig through walls and to a lower floor.
Your four strong arms can wield two-handed weapons with a shield.
You have a pair of large antennae on your head. (SInv)
[Armour fits poorly on your strangely shaped body.]
[Your magical capacity is very low. (-20% MP)]
[Your spells are much easier to cast, but much less powerful.]


Message History

You feel sick. The goblin misses you. The kobold barely misses you.
Unknown command.
You barely miss the goblin.
The goblin is moderately wounded.
You miss the kobold.
You feel sick. The goblin hits you but does no damage.
You are lethally poisoned!
The kobold hits you but does no damage.
The goblin hits you with a +1 dagger of venom.
You are too injured to fight recklessly!
There is a lethal amount of poison in your body!
You are too injured to fight recklessly!
You are too injured to fight recklessly!
You closely miss the kobold. You barely miss the goblin.
You feel sick. You block the kobold's attack.
The goblin hits you with a +1 dagger of venom.
* * * LOW HITPOINT WARNING * * *
You are more poisoned.
You block the kobold's attack.
The goblin hits you with a +1 dagger of venom.
You die...

#.# #.# ##.## ##...##
####..... ....... #..g#
#(@####.# #..K....# ##(######
### #.# ######## #####.####
#.# #......#
#....#...####.########.####.#
#.#.###..#..........##.# #.#
#..## ##.#.##.#.###.##.####.#
#.## ##.....#.# #.......#.#


You could see a goblin and a kobold.

Vanquished Creatures
  A giant cockroach (D:1)
  A hobgoblin (D:1)
  A bat (D:1)
3 creatures vanquished.

Notes
Turn   | Place    | Note
-------+----------+-------------------------------------------
     0 | Abyss:1  | Kairos the Formicid Abyssal Knight began the quest for the
                  | Orb.
     0 | Abyss:1  | Reached XP level 1. HP: 18/18 MP: 2/2
   126 | Abyss:1  | Noticed a small abomination
   176 | Abyss:2  | Noticed an ancient zyme
   297 | Abyss:3  | Noticed a wretched star
   297 | Abyss:3  | Noticed a small abomination
   309 | Abyss:3  | Noticed a purple very ugly thing
   326 | D:1      | Escaped the Abyss
   833 | D:1      | Slain by a goblin

Action                   || total
-------------------------++-------
Melee: Broad axe         ||    14
Invok: Depart the Abyss  ||     1
 Abil: Dig               ||     1
  Use: Potion            ||     1
Armor: Leather armour    ||     4
Dodge: Dodged            ||    19
Block: Buckler           ||     4
